 Dungeon Crawl Stone Soup version 0.29-a0-824-gd827844252 (webtiles) character file.

Game seed: 12963578925418002350

2322 jimonade the Twirler (level 9, -1/69 HPs)
             Began as a Formicid Fighter on July 10, 2022.
             Was a Believer of Okawaru.
             Slain by a gnoll
             ... wielding a +0 spear
              (4 damage)
             ... in a bailey.
             The game lasted 00:25:41 (7396 turns).

jimonade the Twirler (Formicid Fighter)             Turns: 7396, Time: 00:25:42

Health: -1/69      AC: 19    Str: 21    XL:     9   Next: 69%
Magic:  16/16      EV:  6    Int: 12    God:    Okawaru [**....]
Gold:   258        SH:  5    Dex: 13    Spells: 18/18 levels left

rFire   . . .      SeeInvis +   a - +2 quarterstaff (chaos)
rCold   . . .      Faith    +   c - +0 buckler
rNeg    . . .      Spirit   .   M - +0 plate armour
rPois   +          Reflect  .   (helmet unavailable)
rElec   .          Harm     .   W - +0 cloak {rPois}
rCorr   .          Rampage  .   O - +0 pair of gloves
Will    .....                   (no boots)
Stlth   ..........              m - amulet of faith
HPRegen 0.21/turn               g - +4 ring of protection
MPRegen 0.15/turn               (no ring)

@: mighty
A: permanent stasis, dig shafts and tunnels, antennae 3, four strong arms
a: Dig, Renounce Religion, Heroism


You were in a bailey.
You worshipped Okawaru.
Okawaru was pleased with you.
You visited 2 branches of the dungeon, and saw 9 of its levels.
You also visited: Bailey.

You collected 403 gold pieces.
You spent 145 gold pieces at shops.

Inventory:

Hand Weapons
 a - a +2 quarterstaff of chaos (weapon)
 b - a +0 shortbow
 j - a +3 dagger of holy wrath
 n - a +2 dagger of venom
 r - a +0 sling
 z - a +0 long sword
 D - a +2 vorpal flail
 H - a +0 vampiric war axe
 K - a +0 giant spiked club
 L - a +1 hand axe of flaming
 U - a +0 giant club
 V - a +0 quarterstaff
Missiles
 f - 14 poisoned darts
 s - 2 throwing nets
 E - 4 boomerangs
 P - 2 javelins
 R - 15 stones
Armour
 c - a +0 buckler (worn)
 h - a +0 scale mail
 k - a +0 ring mail
 l - a +2 cloak
 w - a +0 chain mail
 I - a +2 robe of positive energy
 J - a +1 robe of cold resistance
 M - a +0 plate armour (worn)
 O - a +0 pair of gloves (worn)
 W - a +0 cloak of poison resistance (worn)
Magical Staves
 o - a staff of fire
Jewellery
 g - a +4 ring of protection (left hand)
 m - an amulet of faith (around neck)
Wands
 C - a wand of polymorph (7)
 Q - a wand of flame (27)
Scrolls
 i - a scroll of identify
 t - a scroll of vulnerability {unknown}
 u - 2 scrolls of enchant weapon {unknown}
 v - a scroll of noise {unknown}
 x - 5 scrolls of teleportation {unknown}
 y - a scroll of enchant armour
 N - a scroll of blinking {unknown}
 T - 2 scrolls of amnesia {unknown}
Potions
 d - 2 potions of might
 p - 4 potions of curing
 q - 2 potions of attraction
 A - a potion of mutation
 B - a potion of brilliance {unknown}
 F - a potion of cancellation {unknown}
 G - a potion of berserk rage {unknown}
 S - a potion of haste {unknown}


   Skills:
 * Level 6.1 Fighting
 + Level 6.2 Staves
 + Level 3.7 Ranged Weapons
 + Level 5.9 Armour
 + Level 1.6 Dodging
 + Level 5.9 Shields
 + Level 1.2 Unarmed Combat
 * Level 5.2 Spellcasting
 * Level 3.4 Invocations


You had 18 spell levels left.
You didn't know any spells.
Your spell library contained the following spells:

 Spells                   Type           Power      Damage    Failure   Level
 Sandblast                Erth           6%         2d5       99%         1
 Passwall                 Tmut/Erth      2%         N/A       100%        2
 Gell's Gravitas          Tloc           3%         N/A       100%        3
 Lesser Beckoning         Tloc           3%         N/A       100%        3
 Stone Arrow              Conj/Erth      6%         3d7       100%        3
 Teleport Other           Tloc           3%         N/A       100%        3


Dungeon Overview and Level Annotations

Branches:
Dungeon (8/15)             Temple (1/1) D:5          Bailey (1/1)
   Lair: D:8-11

Altars:
Cheibriados
Dithmenos
Elyvilon
Fedhas
Hepliaklqana
Makhleb
Nemelex Xobeh
Okawaru
Qazlal
Ru
Sif Muna
Trog
Uskayaw
Vehumet
Wu Jian
Xom
Yredelemnul
Zin
The Shining One

Shops:
D:4 *   D:5 :[!:


Innate Abilities, Weirdness & Mutations

You cannot be hasted, slowed, berserked, paralysed or teleported.
You can dig through walls and to a lower floor.
You have a pair of large antennae on your head. (SInv)
Your four strong arms can wield two-handed weapons with a shield.


Message History

The gnoll hits you from afar with a +0 halberd.
You hit the gnoll sergeant. You freeze the gnoll sergeant.
The gnoll sergeant is severely wounded.
The gnoll sergeant barely misses you.
The gnoll bouda barks out a call to the hunt!
The gnolls pick up the pace!
The gnoll hits you but does no damage. You block the gnoll's attack.
The gnoll hits you from afar with a +0 trident.
You barely miss the gnoll sergeant.
The gnoll sergeant is severely wounded.
The gnoll sergeant hits you with a +4 glaive!
* * * LOW HITPOINT WARNING * * *
The gnoll hits you but does no damage. x2
You sock the gnoll sergeant!
You kill the gnoll sergeant!
Okawaru accepts your kill.
The gnoll throws a throwing net.
You block the throwing net. The gnoll hits you but does no damage.
The gnoll hits you from afar with a +0 halberd!
* * * LOW HITPOINT WARNING * * *
The gnoll bouda hits you but does no damage.
You block the gnoll's attack. The gnoll hits you but does no damage.
The gnoll closely misses you.
Things that are here:
a +4 glaive; a +0 plate armour; a hound skeleton
Okay, then.
You sock the gnoll bouda!
You feel better.
The gnoll bouda is moderately wounded.
The gnoll hits you but does no damage. The gnoll bouda closely misses you.
The gnoll hits you with a +0 spear.
* * * LOW HITPOINT WARNING * * *
The gnoll hits you but does no damage.
The gnoll hits you from afar with a +0 spear.
* * * LOW HITPOINT WARNING * * *
You hit the gnoll bouda.
The gnoll bouda is heavily wounded.
The gnoll hits you from afar with a +0 halberd.
* * * LOW HITPOINT WARNING * * *
The gnoll bouda barely misses you. The gnoll hits you with a +0 spear.
You die...

#...≈≈♣♣ ###..≈.♣ {
#..≈.♣♣ {{ {{{
#..≈..♣♣ ## {{
#..≈...♣ ..# {
#..≈...♣
...######..≈...♣♣
...g#...'....).g♣♣♣#
8...'...'.....gg@(∩#
....#...'.....gg♣♣♣#
...######..≈...♣♣
..# { #..≈..♣♣ ## {{
#..≈..♣ { #..≈..♣ {
#..≈.♣♣ { { #..≈.♣
#...≈≈♣♣


You could see a gnoll bouda and 4 gnolls.

Vanquished Creatures
  Menkaure (D:6)
  Edmund (D:4)
  An ice beast (D:6)
  A sky beast (D:4)
  2 black bears
  A centaur (D:3)
  3 ogres
  A phantom (D:5)
  A bullfrog (D:5)
  4 scorpions
  2 gnoll sergeants (Bailey)
  A howler monkey (D:6)
  Crazy Yiuf (D:6)
  4 hounds
  2 orc priests
  3 iguanas
  Natasha (twice) (D:3)
  6 orc wizards
  11 gnolls
  14 adders
  A shadow imp (D:6)
  2 white imps
  3 worms
  4 dart slugs
  17 orcs
  8 ball pythons
  6 bats
  3 endoplasms
  3 giant cockroaches
  7 goblins
  5 hobgoblins
  4 jackals (D:1)
  3 quokkas
  3 frilled lizards
  7 kobolds
  10 rats
  A spectral kobold (D:2)
149 creatures vanquished.

Vanquished Creatures (others)
  An orc (D:8)
  2 hobgoblins (D:8)
  4 plants (D:5)
7 creatures vanquished.

Grand Total: 156 creatures vanquished

Notes
Turn   | Place    | Note
-------+----------+-------------------------------------------
     0 | D:1      | jimonade the Formicid Fighter began the quest for the Orb.
     0 | D:1      | Reached XP level 1. HP: 18/18 MP: 1/1
    94 | D:1      | Reached XP level 2. HP: 21/24 MP: 2/2
   259 | D:1      | Reached XP level 3. HP: 29/29 MP: 3/3
   305 | D:1      | Reached skill level 1 in Spellcasting
   315 | D:1      | Reached skill level 1 in Ranged Weapons
   804 | D:2      | Found a faded altar of an unknown god.
   898 | D:2      | Reached XP level 4. HP: 36/36 MP: 5/5
  1311 | D:2      | Found a basalt altar of Yredelemnul.
  1671 | D:3      | Reached XP level 5. HP: 42/42 MP: 7/7
  1704 | D:3      | Found a blossoming altar of Fedhas.
  1761 | D:3      | Found an ornate altar of the Wu Jian Council.
  1761 | D:3      | Found a stormy altar of Qazlal.
  1761 | D:3      | Found a hazy altar of Hepliaklqana.
  1921 | D:3      | Noticed a centaur
  1978 | D:3      | Killed a centaur
  1979 | D:3      | Reached XP level 6. HP: 23/48 MP: 7/9
  2307 | D:3      | Found a radiant altar of Vehumet.
  2603 | D:3      | Noticed Natasha
  2608 | D:3      | Killed Natasha
  2722 | D:3      | Found a sacrificial altar of Ru.
  2941 | D:3      | Noticed Natasha
  3038 | D:3      | Killed Natasha
  3039 | D:3      | Reached skill level 1 in Dodging
  3098 | D:4      | Found Aekoul's Alliterative Accessories.
  3107 | D:4      | Bought a scroll of enchant armour for 75 gold pieces
  3261 | D:4      | Reached XP level 7. HP: 46/54 MP: 11/11
  3331 | D:4      | Found a shimmering blue altar of Sif Muna.
  3331 | D:4      | Found a hide-covered altar of Uskayaw.
  3389 | D:4      | Found a shimmering altar of Xom.
  3607 | D:4      | Found a bloodstained altar of Trog.
  3618 | D:4      | Noticed Edmund
  3635 | D:4      | Killed Edmund
  4236 | D:5      | Entered Level 5 of the Dungeon
  4260 | D:5      | Reached skill level 5 in Shields
  4260 | D:5      | Reached XP level 8. HP: 61/61 MP: 13/13
  4308 | D:5      | Found Girphaacy's Distillery.
  4311 | D:5      | Found Qygebo's Book Shop.
  4312 | D:5      | Found Qoamn's Armour Shop.
  4316 | D:5      | Bought a potion of might for 40 gold pieces
  4316 | D:5      | Bought a potion of curing for 30 gold pieces
  4318 | D:5      | Found Hiwing's Book Shop.
  4369 | D:5      | Reached skill level 1 in Unarmed Combat
  4568 | D:5      | Reached skill level 5 in Staves
  4644 | D:5      | Found a staircase to the Ecumenical Temple.
  4749 | Temple   | Entered the Ecumenical Temple
  5016 | Temple   | Became a worshipper of Warmaster Okawaru
  5173 | D:5      | Reached skill level 5 in Fighting
  5227 | D:5      | Reached skill level 5 in Armour
  5438 | D:5      | Reached skill level 1 in Invocations
  5784 | D:6      | Reached XP level 9. HP: 59/68 MP: 15/15
  5877 | D:6      | Noticed Menkaure
  5885 | D:6      | Killed Menkaure
  6245 | D:6      | Reached * piety under Okawaru
  6632 | D:6      | Found a runed translucent door.
  6633 | D:6      | Noticed Crazy Yiuf
  6638 | D:6      | Killed Crazy Yiuf
  6997 | D:7      | You fall into a shaft and drop 1 floor!
  7012 | D:8      | Found a flagged portal.
  7020 | Bailey   | Entered a bailey
  7029 | Bailey   | Reached skill level 5 in Spellcasting
  7374 | Bailey   | HP: 2/69 [gnoll sergeant/+0 halberd (6)]
  7393 | Bailey   | Reached ** piety under Okawaru
  7396 | Bailey   | HP: 3/69 [gnoll/+0 halberd (5)]
  7396 | Bailey   | Slain by a gnoll

Illustrated notes

Levels and vault maps discovered:
D:1:      psy_arrival_dodecagon, layout_basic, hangedman_decor_growths,
          dk_noncrumbling_4
D:2:      layout_basic, basic_altar, dreamdust_ecumenical_altar_drowned_temple
D:3:      layout_basic, mainiacjoe_overflow_paths, mainiacjoe_overflow_alcove_2,
          old_standard_altar, grunt_temple_overflow_open, uniq_natasha
D:4:      layout_loops_corners, kennysheep_mini_moat,
          mainiacjoe_overflow_small_starburst, jmf_multi_god_temple,
          nicolae_alphabet_shops, uniq_edmund
D:5:      layout_rooms, minmay_temple_entry_sparse_star, serial_bayou,
          serial_bayou_pond_b, serial_bayou_pond_b, serial_bayou_pond_b,
          serial_bayou_shore_b, minmay_shop_grid_forest,
          kennysheep_generic_room_15
D:6:      layout_basic, minmay_crystal_water, wad_floor_pattern_untrapped,
          uniq_menkaure, uniq_crazy_yiuf_cottage
D:7:      layout_basic, ashenzari_altar_1, lightli_ossuary_entry_decrepit_ruins
D:8:      minmay_slanted_spiral_squares, layout_basic,
          lemuel_mausoleum_altar_kikubaaqudgha, enter_bailey_4,
          minmay_manual_mares
Temple:   compressed_dpeg_triangle_lava_temple
Bailey:   bailey_polearm_gnolls_kennysheep, bailey

Skill      XL: |  1  2  3  4  5  6  7  8  9 |
---------------+----------------------------+-----
Spellcasting   | 1 2 3 4 5 |  5.2
Ranged Weapons | 1 2 3 |  3.7
Fighting       | 4 5 6 |  6.1
Staves         | 3 4 5 6 |  6.2
Dodging        | 1 |  1.6
Armour         | 4 5 |  5.9
Shields        | 5 |  5.9
Unarmed Combat | 1 |  1.2
Invocations    | 1 3 |  3.4

Action                   |  1- 3 |  4- 6 |  7- 9 || total
-------------------------+-------+-------+-------++-------
Melee: Quarterstaff      |    72 |   118 |   304 ||   494
       Unarmed           |       |       |    12 ||    12
 Fire: Sling             |    34 |    46 |       ||    80
       Shortbow          |       |    18 |    16 ||    34
 Abil: Dig               |       |     1 |     1 ||     2
  Use: Potion            |       |       |     6 ||     6
       Scroll            |       |       |     4 ||     4
 Stab: Confused          |       |       |     1 ||     1
Armor: Scale mail        |    43 |    61 |       ||   104
       Chain mail        |       |     8 |    71 ||    79
       Skin              |       |       |     3 ||     3
       Plate armour      |       |       |   158 ||   158
Dodge: Dodged            |    37 |    48 |   120 ||   205
Block: Buckler           |    20 |    36 |    84 ||   140

Table legend: (Time is in decaauts)
 A = Elapsed time spent in this place.
 B = Non-inter-level travel time spent in this place.
 C = Inter-level travel time spent in this place.
 D = Time resting spent in this place.
 E = Time spent auto-exploring this place.
 F = Levels seen in this place.
 G = Mean time per level.
                   A        B        C        D        E       F      G
               +--------+--------+--------+--------+--------+-----+--------+
         Total |   7512 |   7254 |    258 |    576 |   4477 |  10 |  751.2 |
       Dungeon |   6850 |   6609 |    241 |    352 |   4229 |   8 |  856.2 |
        Temple |    285 |    268 |     17 |      0 |    248 |   1 |  285.0 |
        Bailey |    376 |    376 |      0 |    224 |      0 |   1 |  376.0 |
               +--------+--------+--------+--------+--------+-----+--------+

Top non-repeatable levels by time:
     D:3: 1542 daAuts
     D:6: 1300 daAuts
     D:5: 1208 daAuts
     D:4: 1147 daAuts
     D:2: 903 daAuts
     D:1: 716 daAuts
  Bailey: 376 daAuts
  Temple: 285 daAuts
     D:8: 24 daAuts
     D:7: 7 daAuts
